 Dungeon Crawl Stone Soup version bcrawl-1.12.2 (webtiles) character file.

Game seed: 12467668869594707202

2970 RedPan the Basher (level 9, -7/62 HPs)
             Began as a Sand Dwarf Earth Elementalist on July 22, 2019.
             Was a Follower of Cheibriados.
             Mangled by a troll (9 damage)
             ... on level 7 of the Dungeon.
             The game lasted 00:27:08 (9260 turns).

RedPan the Basher (Sand Dwarf Earth Elementalist)   Turns: 9260, Time: 00:27:08

Health: -7/62      AC: 10    Str: 17    XL:     9   Next: 82%
Magic:  1/24       EV: 12    Int: 21    God:    Cheibriados [*.....]
Gold:   345        SH:  6    Dex: 14    Spells: 1/16 levels left

rFire    . . .     SeeInvis .   m - +0 flail
rCold    . . .     Gourm    .   r - +0 buckler
rNeg     . . .     Faith    .   j - +1 scale mail
rPois    .         Spirit   .   (no helmet)
rElec    .         Reflect  .   (no cloak)
rCorr    .         Harm     .   i - +0 pair of gloves
MR       +....                  (no boots)
Stlth    ..........             (no amulet)
HPRegen  0.20/turn              A - ring of magical power (curse)
MPRegen  0.19/turn              (no ring)

@: very slightly contaminated, studying Transmutations, very slow
A: small, slowness 1, armour attunement
a: Bend Time, Renounce Religion


You were on level 7 of the Dungeon.
You worshipped Cheibriados.
Cheibriados was aware of your devotion.
You were very hungry.

You visited 2 branches of the dungeon, and saw 8 of its levels.

You collected 345 gold pieces.

Inventory:

Hand Weapons
 m - a +0 flail (weapon)
Missiles
 b - 359 stones (quivered)
Armour
 c - a +0 robe
 i - a +0 pair of gloves (worn)
 j - a +1 scale mail (worn)
 r - a +0 buckler (worn)
 x - a +0 chain mail
Jewellery
 A - a cursed ring of magical power (left hand)
Wands
 a - a wand of random effects (3)
 f - a wand of iceblast (7)
 o - a wand of polymorph (12)
Scrolls
 h - 3 scrolls of teleportation
 p - 2 scrolls of enchant armour
 q - a scroll of remove curse
 y - a scroll of amnesia
Potions
 e - 2 potions of brilliance
 g - a potion of heal wounds
 k - a potion of haste
 l - 4 potions of curing
 n - a potion of berserk rage
 v - a potion of might
 w - a potion of agility
 z - 2 potions of lignification {unknown}
Books
 s - a manual of Transmutations
Comestibles
 d - 9 rations {!d}
 t - 2 chunks of flesh


   Skills:
 + Level 9.4 Maces & Flails
 + Level 7.0 Armour
 - Level 2.0 Dodging
 - Level 1.5 Stealth
 - Level 4.0 Shields
 - Level 4.0 Spellcasting
 - Level 0.7 Transmutations
 + Level 9.3 Earth Magic
 + Level 2.6 Invocations


You had one spell level left.
You knew the following spells:

 Your Spells              Type           Power        Failure   Level  Hunger
a - Sandblast             Erth           #####.       1%          1    None
b - Passwall              Tmut/Erth      ####....     2%          2    #......
c - Stone Arrow           Conj/Erth      ###...       6%          3    ###....
d - Lee's Rapid Deconstr  Erth           #####.....   9%          5    ######.
e - Petrify               Tmut/Erth      ####....     17%         4    ####...

Your spell library contained the following spells:

 Spells                   Type           Power        Failure   Level  Hunger


Dungeon Overview and Level Annotations

Branches:
Dungeon (7/12)             Temple (1/1) D:6
   Lair: D:7-10

Altars:
Ashenzari
Cheibriados
Dithmenos
Elyvilon
Fedhas
Gozag
Hepliaklqana
Kikubaaqudgha
Lugonu
Okawaru
Qazlal
Ru
Sif Muna
Trog
Vehumet
Wu Jian
Yredelemnul
Zin
The Shining One

Shops:
D:6 %


Innate Abilities, Weirdness & Mutations

You are small and have problems with some larger weapons.
You cover ground slowly.
Armour does not affect your spellcasting.


Message History

The troll resists with significant effort.
You are feeling very hungry.
The troll bites you. The troll misses you. The troll claws you.
Casting: Petrify (slightly dangerous; 17% risk of failure)
Confirm with . or Enter, or press ? or * to list all spells.
Aiming: Petrify (slightly dangerous; 17% risk of failure)
Press: ? - help, Shift-Dir - straight line, f/p - troll
Aim: a troll (chance to defeat MR: 54%)
The troll is moving more slowly.
The troll bites you!
* * * LOW HITPOINT WARNING * * *
The troll closely misses you. The troll claws you but does no damage.
You hit the troll.
The troll is lightly wounded.
You block the troll's attack. x2; The troll claws you but does no damage.
You sock the troll!
The troll is lightly wounded.
You block the troll's attack. The troll claws you!
* * * LOW HITPOINT WARNING * * *
The troll claws you!
You die...

.# ####.# ..#.#
..#######.#.#
.........<#.#
.........รท..#
......[.....#
##########..#######
.........@......#
########.T####.....
.............+ ...
#########.#.##... .
#.......c.c.
#.##.#.##...
#.#..#.# .. #.#..#
# . #.#.##


You could see a troll (petrifying).

Vanquished Creatures
  A troll (D:5)
  A hippogriff (D:6)
  Sigmund (D:2)
  Eustachio (D:5)
  A hungry ghost (D:6)
  An orc warrior (D:6)
  4 ogres
  2 phantoms
  4 centaurs
  A crocodile (D:6)
  A big kobold (D:6)
  A scorpion (D:4)
  2 howler monkeys
  A jelly (D:6)
  A bullfrog zombie (D:7)
  3 hounds
  4 orc priests
  6 orc wizards
  A bullfrog skeleton (D:6)
  A centaur skeleton (D:4)
  Jessica (D:2)
  Natasha (thrice) (D:4)
  An iguana (D:4)
  2 worker ants (D:4)
  8 gnolls
  8 adders
  3 shadow imps
  2 oozes
  3 worms
  3 leopard geckos
  28 orcs
  A ball python (D:2)
  10 bats
  4 goblins
  8 hobgoblins
  10 jackals
  12 kobolds
  4 quokkas
  3 frilled lizards
  5 rats
157 creatures vanquished.

Notes
Turn   | Place    | Note
-------+----------+-------------------------------------------
     0 | D:1      | RedPan the Sand Dwarf Earth Elementalist began the quest
                  | for the Orb.
     0 | D:1      | Reached XP level 1. HP: 14/14 MP: 3/3
   285 | D:1      | Reached XP level 2. HP: 20/20 MP: 0/5
   715 | D:1      | Reached XP level 3. HP: 26/26 MP: 3/6
   719 | D:1      | Learned a level 2 spell: Passwall
   723 | D:1      | Learned a level 3 spell: Stone Arrow
  1054 | D:2      | Noticed Sigmund
  1146 | D:2      | Killed Sigmund
  1146 | D:2      | Reached skill level 5 in Earth Magic
  1146 | D:2      | Reached XP level 4. HP: 22/33 MP: 0/9
  1146 | D:2      | Reached XP level 5. HP: 26/38 MP: 0/10
  1520 | D:2      | Reached skill level 1 in Maces & Flails
  1520 | D:2      | Reached XP level 6. HP: 28/45 MP: 7/12
  1712 | D:2      | Noticed Jessica
  1719 | D:2      | Killed Jessica
  1897 | D:2      | Found a white marble altar of Elyvilon.
  1955 | D:2      | HP: 2/45 [orc priest/divine providence (15)]
  2544 | D:3      | Noticed a phantom
  2557 | D:3      | Killed a phantom
  3064 | D:3      | Reached XP level 7. HP: 21/50 MP: 13/13
  4163 | D:4      | Reached skill level 1 in Armour
  4163 | D:4      | Reached skill level 1 in Shields
  4649 | D:4      | Reached skill level 5 in Maces & Flails
  5200 | D:4      | Noticed Natasha
  5211 | D:4      | Killed Natasha
  5461 | D:4      | Found an iron altar of Okawaru.
  5473 | D:4      | Found an ornate altar of the Wu Jian Council.
  5752 | D:4      | Noticed Natasha
  5777 | D:4      | Killed Natasha
  5817 | D:4      | Reached XP level 8. HP: 12/57 MP: 0/14
  6055 | D:4      | Learned a level 5 spell: Lee's Rapid Deconstruction
  6060 | D:4      | Learned a level 4 spell: Petrify
  6166 | D:4      | Noticed Natasha
  6173 | D:4      | Killed Natasha
  6327 | D:5      | Entered Level 5 of the Dungeon
  6921 | D:5      | Noticed Eustachio
  6942 | D:5      | Killed Eustachio
  7046 | D:5      | Noticed a troll
  7061 | D:5      | Killed a troll
  7319 | D:5      | Reached skill level 5 in Armour
  7599 | D:6      | Found a staircase to the Ecumenical Temple.
  7601 | D:6      | Noticed a hippogriff
  7614 | D:6      | Killed a hippogriff
  7614 | D:6      | Reached XP level 9. HP: 59/62 MP: 15/15
  7636 | Temple   | Entered the Ecumenical Temple
  7756 | Temple   | Became a worshipper of Cheibriados the Contemplative
  7912 | D:6      | Reached skill level 1 in Invocations
  8033 | D:6      | Found Gojuvuse's Food Boutique.
  8384 | D:6      | Reached * piety under Cheibriados
  9248 | D:7      | Noticed a troll
  9260 | D:7      | HP: 2/62 [troll (7)]
  9260 | D:7      | Mangled by a troll

Skill      XL: |  1  2  3  4  5  6  7  8  9 |
---------------+----------------------------+-----
Earth Magic    | 4 5 6 7 8 9 |  9.3
Dodging        | 2 |  2.0
Spellcasting   | 3 4 |  4.0
Maces & Flails | 1 3 5 8 9 |  9.4
Armour         | 3 5 7 |  7.0
Shields        | 2 4 |  4.0
Invocations    | 2 |  2.6
Stealth        | |  1.5
Transmutations | |  0.7

Action                   |  1- 3 |  4- 6 |  7- 9 || total
-------------------------+-------+-------+-------++-------
Melee: Unarmed           |    16 |       |       ||    16
       Club              |       |    17 |       ||    17
       Whip              |       |   115 |       ||   115
       Flail             |       |    39 |   492 ||   531
 Cast: Sandblast         |    39 |    35 |    54 ||   128
       Stone Arrow       |       |     2 |    24 ||    26
       Petrify           |       |       |     5 ||     5
  Use: Scroll            |     3 |     3 |     9 ||    15
       Potion            |       |       |     1 ||     1
 Stab: Petrified         |       |       |     7 ||     7
  Eat: Chunk             |     1 |     4 |    20 ||    25
       Ration            |       |     1 |     1 ||     2
Armor: Robe              |     1 |       |       ||     1
       Scale mail        |     5 |    69 |   212 ||   286
       Skin              |       |       |     1 ||     1
Dodge: Dodged            |    29 |   107 |   308 ||   444
Block: Buckler           |       |       |   124 ||   124
